 Dungeon Crawl Stone Soup version 0.24.0-13-gcf9b319 (webtiles) character file.

Game seed: 477343218804801303, levelgen mode: deterministic

1329 Bronimir the Digger (level 8, 0/54 HPs)
             Began as a Formicid Earth Elementalist on Apr 26, 2020.
             Was a Believer of Okawaru.
             Slain by an ogre
             ... wielding a +0 giant club
              (21 damage)
             ... on level 5 of the Dungeon.
             The game lasted 00:11:28 (5874 turns).

Bronimir the Digger (Formicid Earth Elementalist)   Turns: 5874, Time: 00:11:28

Health: 0/54       AC:  7    Str: 16    XL:     8   Next: 91%
Magic:  0/15       EV: 13    Int: 14    God:    Okawaru [**....]
Gold:   215        SH:  0    Dex: 13    Spells: 2/17 levels left

rFire    + . .     SeeInvis +   a - +1 whip (elec)
rCold    + . .     Gourm    .   (no shield)
rNeg     . . .     Faith    .   y - +2 leather armour
rPois    +         Spirit   +   (helmet unavailable)
rElec    .         Reflect  .   s - scarf {rC+ rF+}
rCorr    .         Harm     .   (no gloves)
MR       .....                  (no boots)
Stlth    +++.......             E - amulet of guardian spirit
HPRegen  0.18/turn              u - +2 ring of protection
MPRegen  0.14/turn              D - ring of stealth

@: no status effects
A: permanent stasis, dig shafts and tunnels, four strong arms, antennae 3, agile
1, blurry vision 1, poison resistance
a: Dig, Shaft Self, Heroism, Renounce Religion


You were on level 5 of the Dungeon.
You worshipped Okawaru.
Okawaru was pleased with you.
You were very hungry.

You visited 1 branch of the dungeon, and saw 6 of its levels.

You collected 215 gold pieces.

Inventory:

Hand Weapons
 a - a +1 whip of electrocution (weapon)
 b - a +0 shortbow
 i - a +0 hunting sling
 l - a +0 hand axe
 r - a +0 spear
 B - a +0 club
Missiles
 f - 27 bolts
 h - 5 arrows
 k - 7 boomerangs (quivered)
 w - 42 sling bullets
Armour
 c - a +0 robe
 g - a +1 hat
 s - a scarf of resistance (worn)
 y - a +2 leather armour (worn)
Jewellery
 u - a +2 ring of protection (left hand)
 D - a ring of stealth (right hand)
 E - an amulet of guardian spirit (around neck)
Wands
 e - a wand of digging (4)
Scrolls
 j - 2 scrolls of fear
 p - 6 scrolls of identify
 q - a scroll of noise {unknown}
Potions
 n - a potion of curing
 o - 2 potions of flight
Comestibles
 d - 9 rations


   Skills:
 + Level 1.5 Fighting
 * Level 3.1(3.2) Axes
 + Level 0.6(2.1) Maces & Flails
 + Level 1.4 Bows
 * Level 3.2 Armour
 * Level 3.0 Dodging
 + Level 2.7 Stealth
 + Level 5.0 Spellcasting
 + Level 1.0 Conjurations
 * Level 3.2 Transmutations
 * Level 6.9 Earth Magic
 * Level 3.0 Invocations


You had 2 spell levels left.
You knew the following spells:

 Your Spells              Type           Power        Failure   Level  Hunger
a - Sandblast             Erth           ###...       1%          1    None
b - Passwall              Tmut/Erth      ###.....     3%          2    ##.....
c - Stone Arrow           Conj/Erth      ##....       12%         3    ###....
d - Petrify               Tmut/Erth      ###.....     26%         4    ####...
e - Lee's Rapid Deconstr  Erth           ###.......   32%         5    ######.

Your spell library contained the following spells:

 Spells                   Type           Power        Failure   Level  Hunger


Dungeon Overview and Level Annotations

Branches:
Dungeon (6/15)
 Temple: D:4-7

Altars:
Cheibriados
Kikubaaqudgha
Okawaru
Sif Muna
Trog
Beogh

Annotations:
D:3 3 runed translucent doors, txstrosman's ghost, amateur CeHu


Innate Abilities, Weirdness & Mutations

You cannot be hasted, slowed, berserked, paralysed or teleported.
You can dig through walls and to a lower floor.
Your four strong arms can wield two-handed weapons with a shield.
You have a pair of large antennae on your head. (SInv)
You are agile. (Dex +2)
Scrolls take you a little longer to read.
Your system is resistant to poisons. (rPois)


Message History

The sky beast is almost dead.
The sky beast hits you but does no damage.
Casting: Stone Arrow (safe; 12% risk of failure)
Confirm with . or Enter, or press ? or * to list all spells.
Aiming: Stone Arrow (safe; 12% risk of failure)
Press: ? - help, Shift-Dir - straight line, f/p - sky beast
Aim: a sky beast (almost dead, slightly transparent)
The stone arrow hits the sky beast!
You kill the sky beast!
Okawaru accepts your kill.
Your Dodging skill increases to level 3!
Your Invocations skill increases to level 3!
Casting: Stone Arrow (safe; 12% risk of failure)
Confirm with . or Enter, or press ? or * to list all spells.
You don't have enough magic to cast that spell.
Unknown command.
You extend your mandibles.
You dig through the rock wall.
The ogre hits you with a +0 giant club!!
You die...

....# #.........# ....#
#.........# ....# #.........#
....# #....>....# ....#
#.).......##############
....#####......................#
####......#####.##.............#
...#......# #O##......<......#
...#......# #.@#.............#
...#......# ####.............#
...#......# #......########
...#......# #......# ...#......#
#....?.#
...###############......#
.................#......#
.................#......#
.)...............#......#


You could see an ogre.

Vanquished Creatures
  A sky beast (D:5)
  An ice beast (D:5)
  2 phantoms
  2 ogres
  2 centaurs (D:5)
  A bullfrog (D:6)
  A water moccasin zombie (D:5)
  A scorpion (D:4)
  A crimson imp (D:6)
  A centaur zombie (D:5)
  A hound (D:5)
  An orc priest (D:5)
  2 iguanas
  An orc wizard (D:4)
  A worker ant (D:5)
  A hound zombie (D:5)
  2 hound skeletons
  A howler monkey zombie (D:5)
  3 gnolls (D:2)
  2 howler monkey skeletons
  7 adders
  An ooze (D:2)
  An adder skeleton (D:4)
  2 worms
  2 leopard geckos
  5 orcs
  7 bats
  3 giant cockroaches
  8 goblins
  8 hobgoblins
  6 jackals
  5 frilled lizards
  3 kobolds
  5 rats
91 creatures vanquished.

Notes
Turn   | Place    | Note
-------+----------+-------------------------------------------
     0 | D:1      | Bronimir the Formicid Earth Elementalist began the quest
                  | for the Orb.
     0 | D:1      | Reached XP level 1. HP: 13/13 MP: 3/3
   160 | D:1      | Reached skill level 4 in Earth Magic
   359 | D:1      | Reached XP level 2. HP: 15/19 MP: 1/5
   406 | D:1      | Learned a level 2 spell: Passwall
   790 | D:2      | Reached XP level 3. HP: 4/25 MP: 1/7
  1153 | D:2      | Reached XP level 4. HP: 31/31 MP: 4/8
  1555 | D:2      | Reached skill level 5 in Earth Magic
  1649 | D:2      | Found a shimmering blue altar of Sif Muna.
  1780 | D:3      | Reached XP level 5. HP: 36/36 MP: 7/10
  1787 | D:3      | Learned a level 3 spell: Stone Arrow
  1798 | D:3      | Learned a level 4 spell: Petrify
  2001 | D:3      | Found a runed translucent gate.
  2001 | D:3      | Noticed txstrosman's ghost (amateur CeHu)
  2002 | D:3      | Found a runed translucent gate.
  2003 | D:3      | Found a runed translucent gate.
  2005 | D:3      | Found a roughly hewn altar of Beogh.
  2006 | D:3      | Identified the +12 dagger of Precise Incision {flame,
                  | rPois}
  2028 | D:3      | Noticed a phantom
  2041 | D:3      | Killed a phantom
  2041 | D:3      | Reached skill level 1 in Armour
  2041 | D:3      | Reached XP level 6. HP: 15/42 MP: 3/12
  2238 | D:3      | Found an iron altar of Okawaru.
  2243 | D:3      | Became a worshipper of Warmaster Okawaru
  2497 | D:3      | Found a bloodstained altar of Trog.
  3036 | D:4      | Found a snail-covered altar of Cheibriados.
  3575 | D:4      | Noticed an ogre
  3578 | D:4      | Killed an ogre
  3578 | D:4      | Reached skill level 1 in Fighting
  3578 | D:4      | Reached skill level 1 in Axes
  3681 | D:4      | Reached XP level 7. HP: 22/48 MP: 0/13
  3854 | D:4      | Reached * piety under Okawaru
  3854 | D:4      | Reached skill level 1 in Invocations
  3855 | D:4      | Gained mutation: You are agile. (Dex +2) [potion of
                  | mutation]
  3855 | D:4      | Gained mutation: Scrolls take you a little longer to read.
                  | [potion of mutation]
  3855 | D:4      | Gained mutation: Your system is resistant to poisons.
                  | (rPois) [potion of mutation]
  3868 | D:4      | Reached skill level 6 in Earth Magic
  4021 | D:4      | Found an ancient bone altar of Kikubaaqudgha.
  4168 | D:5      | Entered Level 5 of the Dungeon
  4652 | D:5      | Reached XP level 8. HP: 54/54 MP: 8/15
  4723 | D:5      | Reached ** piety under Okawaru
  4728 | D:5      | Reached skill level 5 in Spellcasting
  4927 | D:5      | Learned a level 5 spell: Lee's Rapid Deconstruction
  5198 | D:5      | Reached skill level 1 in Conjurations
  5616 | D:5      | Reached skill level 1 in Bows
  5874 | D:5      | Slain by an ogre

Levels and vault maps discovered:
D:1:      roderic_crossed_star, layout_loops_ring
D:2:      layout_loops_ring, lemuel_blue_sif_altar
D:3:      layout_basic, overflow_temple_1_default, okawaru_ov_weapons_minmay,
          biasface_ghost_orc_armoury, first_ration, dk_noncrumbling_4
D:4:      layout_basic, lemuel_round_altar, kennysheep_little_box,
          minmay_misc_feat_ornament
D:5:      layout_gridville
D:6:      layout_loops_ring, marbit_many_paths, minmay_temple_entry_waves,
          corexii_leaking_fountain, uniq_prince_ribbit1

Skill      XL: |  1  2  3  4  5  6  7  8 |
---------------+-------------------------+-----
Earth Magic    | 4 5 6 |  6.9
Spellcasting   | 3 4 5 |  5.0
Armour         | 1 2 3 |  3.2
Fighting       | 1 |  1.5
Axes           | 1 2 3 |  3.1
Dodging        | 2 3 |  3.0
Invocations    | 2 3 |  3.0
Transmutations | 2 3 |  3.2
Conjurations   | 1 |  1.0
Bows           | 1 |  1.4
Maces & Flails | |  0.6
Stealth        | |  2.7

Action                   |  1- 3 |  4- 6 |  7- 9 || total
-------------------------+-------+-------+-------++-------
Melee: Hand axe          |    10 |    13 |       ||    23
       Whip              |       |       |    67 ||    67
 Fire: Shortbow          |       |       |    41 ||    41
 Cast: Sandblast         |    25 |    66 |    25 ||   116
       Stone Arrow       |       |     5 |    16 ||    21
Invok: Heroism           |       |       |     1 ||     1
 Abil: Dig               |       |       |     2 ||     2
  Use: Potion            |       |     4 |     6 ||    10
       Scroll            |       |       |     6 ||     6
 Stab: Sleeping          |       |       |     1 ||     1
  Eat: Chunk             |       |     9 |     8 ||    17
Armor: Robe              |     5 |     4 |       ||     9
       Skin              |       |     4 |       ||     4
       Leather armour    |       |     3 |    48 ||    51
Dodge: Dodged            |    12 |    20 |   102 ||   134
